 Dungeon Crawl Stone Soup version 0.29.1-13-g9f3cf754e1 (webtiles) character file.

Game seed: 10041693885313332979

2662 boopmooplesden the Spear-Bearer (level 9, -3/72 HPs)
             Began as a Palentonga Fighter on Jan 24, 2023.
             Was a Believer of Okawaru.
             Slain by SirLogeyBear's ghost (7 damage)
             ... on level 7 of the Dungeon.
             The game lasted 00:11:14 (10185 turns).

boopmooplesden the Spear-Bearer (PaFi)             Turns: 10185, Time: 00:11:15

Health: -3/72      AC: 23    Str: 29    XL:     9   Next: 36%
Magic:  7/9        EV:  6    Int:  9    God:    Okawaru [**....]
Gold:   318        SH: 10    Dex:  9    Spells: 8/8 levels left

rFire   . . .      SeeInvis +   x - +2 trident (venom)
rCold   . . .      Faith    .   r - +0 kite shield
rNeg    . . .      Spirit   .   m - +0 plate armour
rPois   .          Reflect  .   k - +0 helmet
rElec   .          Harm     +   (no cloak)
rCorr   .          Rampage  .   j - +0 pair of gloves of Yzon {Harm Will+ Str+3}
Will    +....                   (no barding)
Stlth   ..........              (no amulet)
HPRegen 0.22/turn               (no ring)
MPRegen 0.11/turn               (no ring)

@: heroic, studying Polearms, curled up
A: large, rugged brown scales 3, see invisible, deformed body, roll 1, armoured
tail, reflexive curl
a: Rolling Charge, Renounce Religion, Heroism


You were on level 7 of the Dungeon.
You worshipped Okawaru.
Okawaru was pleased with you.
You visited 2 branches of the dungeon, and saw 8 of its levels.

You collected 318 gold pieces.

Inventory:

Hand Weapons
 a - a +0 war axe
 o - a +1 spear
 t - the +11 falchion of the Mosquito {freeze, rF- rC++}
   (You found it on level 5 of the Dungeon)

   It freezes those it strikes, dealing additional cold damage.
   It can also slow down cold-blooded creatures.
   rF:        It makes you vulnerable to fire.
   rC:        It greatly protects you from cold.
 x - a +2 trident of venom (weapon)
Armour
 b - a +0 scale mail
 j - the +0 pair of gloves of Yzon (worn) {Harm Will+ Str+3}
   (You found it on level 6 of the Dungeon)

   Str:       It affects your strength (+3).
   Harm:      It increases damage dealt and taken.
   Will:      It increases your willpower.
 k - a +0 helmet (worn)
 m - a +0 plate armour (worn)
 n - a +0 pair of gloves
 r - a +0 kite shield (worn)
Jewellery
 z - a ring of wizardry
 C - a +4 ring of protection
Wands
 p - a wand of digging (3)
 B - a wand of paralysis (3)
Scrolls
 c - a scroll of silence
 s - a scroll of identify
 w - a scroll of blinking {unknown}
 y - a scroll of teleportation
 A - 2 scrolls of amnesia
 D - a scroll of enchant armour {unknown}
 E - a scroll of fear
Potions
 d - a potion of might
 e - 2 potions of magic
 f - 3 potions of mutation
 g - a potion of ambrosia {unknown}
 h - 2 potions of attraction {unknown}
 i - a potion of flight {unknown}
 l - a potion of berserk rage {unknown}
 q - 2 potions of lignification
 u - a potion of cancellation {unknown}
 v - 4 potions of curing


   Skills:
 + Level 5.4(10.4) Fighting
 - Level 3.0(12.9) Axes
 * Level 10.5(15.7) Polearms
 + Level 6.0(11.0) Armour
 + Level 1.0(6.0) Dodging
 + Level 0.1(5.1) Stealth
 + Level 5.3(10.3) Shields
 + Level 0.3 Invocations


You had 8 spell levels left.
You didn't know any spells.
Your spell library contained the following spells:

 Spells                   Type           Power      Damage    Failure   Level
 Apportation              Tloc           0%         N/A       99%         1
 Necrotise                Necr           0%         1d4       99%         1
 Sandblast                Erth           0%         2d4       99%         1
 Passwall                 Tmut/Erth      0%         N/A       100%        2
 Static Discharge         Conj/Air       0%         3-3/arc   100%        2
 Gell's Gravitas          Tloc           0%         N/A       100%        3
 Lesser Beckoning         Tloc           0%         N/A       100%        3
 Stone Arrow              Conj/Erth      0%         3d7       100%        3
 Teleport Other           Tloc           0%         N/A       100%        3
 Dispel Undead            Necr           0%         3d6       100%        4
 Sticky Flame             Conj/Fire      0%         2d3       100%        4
 Summon Small Mammal      Summ           Unusable   N/A       N/A         1

Dungeon Overview and Level Annotations

Branches:
Dungeon (7/15)             Temple (1/1) D:5

Altars:
Ashenzari
Cheibriados
Dithmenos
Elyvilon
Fedhas
Hepliaklqana
Nemelex Xobeh
Okawaru
Vehumet
Xom
Zin

Shops:
D:1 *   D:6 [

Annotations:
D:7 SirLogeyBear's ghost, novice HOBe; concernfroge's ghost, novice FeTm


Innate Abilities, Weirdness & Mutations

You are completely covered in rugged brown scales. (AC +3, +7% HP)
You have supernaturally acute eyesight. (SInv)
Armour fits poorly on your strangely shaped body.
You can roll at nearby foes to attack.
You have a long armoured tail.
You curl defensively after being hit. (AC +7*)


Message History

Concernfroge's ghost stares at you.
You open the gate.
Concernfroge's ghost attacks as you move away!
Concernfroge's ghost hits you!
SirLogeyBear's ghost attacks as you move away!
SirLogeyBear's ghost hits you but does no damage.
Concernfroge's ghost attacks as you move away!
Concernfroge's ghost hits you but does no damage.
SirLogeyBear's ghost attacks as you move away!
SirLogeyBear's ghost hits you but does no damage.
You gain the combat prowess of a mighty hero.
SirLogeyBear's ghost hits you but does no damage.
Concernfroge's ghost whispers, "There is no future for you."
Concernfroge's ghost hits you but does no damage.
SirLogeyBear's ghost attacks as you move away!
SirLogeyBear's ghost hits you!
You hit SirLogeyBear's ghost but do no damage.
You tail-slap SirLogeyBear's ghost, but do no damage.
You impale SirLogeyBear's ghost!!
SirLogeyBear's ghost is moderately damaged.
SirLogeyBear's ghost barely misses you.
You hit SirLogeyBear's ghost but do no damage.
Your tail-slap misses SirLogeyBear's ghost.
SirLogeyBear's ghost is moderately damaged.
SirLogeyBear's ghost hits you!
You hit SirLogeyBear's ghost but do no damage.
You tail-slap SirLogeyBear's ghost, but do no damage.
SirLogeyBear's ghost is moderately damaged.
SirLogeyBear's ghost wails.
SirLogeyBear's ghost hits you!!
* * * LOW HITPOINT WARNING * * *
You puncture SirLogeyBear's ghost!
SirLogeyBear's ghost is heavily damaged.
You barely miss SirLogeyBear's ghost.
SirLogeyBear's ghost is heavily damaged.
You block SirLogeyBear's ghost's attack.
You hit SirLogeyBear's ghost.
SirLogeyBear's ghost is heavily damaged.
SirLogeyBear's ghost hits you.
You die...

#########.....######## #...# #
...# ###.#.[.##### #.### # ...#
#### #.#.......#######.### #
...###)♣⌠♣#.....###...........#
...##8....#.....#≈#.######.##.#
...#$.....#.....###.#....#.##.#
...#♣.....'...#.....#.##.#.##.###
...#⌠.....'...###.###.##.#.##....
...#♣.....'...WW@......#.#.##....
####......#..#####.#####.#.##....
...##8....#..# #..####.#.##.#+#
....##?♣⌠♣#### ##......#.##.#.#
.....###### #......#.##.#.#
..........# #.........#...#
..........# ######.#....#..
######....# #.#.#.>#+# #....#
#.........


You could see SirLogeyBear's ghost and concernfroge's ghost.

Vanquished Creatures
  Pikel (D:7)
  A steam dragon (D:7)
  A water moccasin (D:6)
  A black bear (D:7)
  2 sky beasts (D:7)
  2 ice beasts
  2 ogres
  A phantom (D:5)
  A bullfrog (D:6)
  2 scorpions (D:5)
  A necrophage (D:5)
  A gnoll sergeant (D:5)
  3 killer bees (D:7)
  A howler monkey (D:5)
  A hound (D:7)
  3 jellies
  4 orc priests
  2 iguanas (D:6)
  5 orc wizards (D:6)
  10 gnolls
  9 adders
  4 shadow imps
  4 white imps
  5 ufetubi
  2 worms (D:2)
  3 dart slugs
  19 orcs
  5 bats
  5 endoplasms
  A giant cockroach (D:1)
  6 goblins
  5 hobgoblins
  5 jackals
  7 kobolds
  4 quokkas
  8 ball pythons
  8 frilled lizards
  7 rats
152 creatures vanquished.

Vanquished Creatures (others)
  2 demonic plants (D:5)
2 creatures vanquished.

Grand Total: 154 creatures vanquished

Notes
Turn   | Place    | Note
-------+----------+-------------------------------------------
     0 | D:1      | boopmooplesden the Palentonga Fighter began the quest for
                  | the Orb.
     0 | D:1      | Reached XP level 1. HP: 19/19 MP: 1/1
    52 | D:1      | Reached XP level 2. HP: 7/25 MP: 2/2
   524 | D:1      | You fall into a shaft and drop 1 floor!
   821 | D:2      | Reached XP level 3. HP: 18/31 MP: 3/3
   950 | D:2      | Found a faded altar of an unknown god.
  1550 | D:2      | Reached XP level 4. HP: 39/39 MP: 4/4
  2328 | D:1      | Found Vesaliva's Assorted Antiques.
  2702 | D:3      | Reached XP level 5. HP: 44/44 MP: 5/5
  3233 | D:3      | Reached skill level 1 in Polearms
  3918 | D:3      | Found a blossoming altar of Fedhas.
  3930 | D:3      | Found a white marble altar of Elyvilon.
  3937 | D:3      | Found a shimmering altar of Xom.
  3945 | D:3      | Found a radiant altar of Vehumet.
  3949 | D:3      | Found a broken altar of Ashenzari.
  3959 | D:3      | Found a snail-covered altar of Cheibriados.
  3963 | D:3      | Found a shadowy altar of Dithmenos.
  4153 | D:4      | Reached skill level 2 in Polearms
  5036 | D:5      | Entered Level 5 of the Dungeon
  5132 | D:5      | Reached skill level 3 in Polearms
  5307 | D:5      | Reached XP level 6. HP: 22/51 MP: 6/6
  5445 | D:5      | Reached skill level 4 in Polearms
  5599 | D:5      | Reached skill level 5 in Polearms
  5599 | D:5      | Gained mutation: You curl defensively after being hit. (AC
                  | +7*) [Palentonga growth]
  5599 | D:5      | Reached XP level 7. HP: 8/57 MP: 7/7
  6240 | D:5      | Found a staircase to the Ecumenical Temple.
  6246 | Temple   | Entered the Ecumenical Temple
  6259 | Temple   | Became a worshipper of Warmaster Okawaru
  6600 | D:5      | Reached skill level 6 in Polearms
  6759 | D:5      | Identified the +11 falchion of the Mosquito {freeze, rF-
                  | rC++}
  7359 | D:6      | Identified the +0 pair of gloves of Yzon {Harm Will+ Str+3}
  7364 | D:6      | Reached * piety under Okawaru
  7365 | D:6      | Reached skill level 7 in Polearms
  7365 | D:6      | Reached XP level 8. HP: 29/65 MP: 8/8
  7860 | D:6      | Reached skill level 5 in Armour
  7866 | D:6      | Found Beowulf's Dragon-Slaying Spoils.
  8544 | D:5      | Reached skill level 8 in Polearms
  8985 | D:7      | Reached skill level 5 in Fighting
  9192 | D:7      | Found a runed translucent gate.
  9192 | D:7      | Found a runed translucent gate.
  9192 | D:7      | Found a runed translucent gate.
  9209 | D:7      | Noticed SirLogeyBear's ghost (novice HOBe)
  9209 | D:7      | Noticed concernfroge's ghost (novice FeTm)
  9280 | D:7      | Reached skill level 9 in Polearms
  9398 | D:7      | Reached ** piety under Okawaru
  9473 | D:7      | Reached skill level 5 in Shields
  9473 | D:7      | Reached XP level 9. HP: 72/72 MP: 9/9
  9607 | D:7      | Reached skill level 1 in Dodging
  9886 | D:7      | Noticed Pikel
  9914 | D:7      | Killed Pikel
  9915 | D:7      | Reached skill level 10 in Polearms
 10182 | D:7      | HP: 3/72 [SirLogeyBear's ghost (31)]
 10185 | D:7      | Slain by SirLogeyBear's ghost

Illustrated notes

Levels and vault maps discovered:
D:1:      lemuel_arrival_rhombus, layout_basic, serial_shops, shop, minivault_27
D:2:      layout_loops_corners, hellmonk_ecumenical_altar_blasted,
          kennysheep_generic_room_4
D:3:      minmay_angry_zag, layout_loops_ring, grunt_temple_overflow_octagram
D:4:      layout_basic, hangedman_decor_peaks_small
D:5:      layout_basic, minmay_temple_entry_hall, serial_demonic,
          serial_demonic_a, serial_demonic_e, serial_demonic_a,
          serial_demonic_b, hangedman_decor_points, lightli_minifort
D:6:      layout_basic, nicolae_shop_dragon_depot
D:7:      layout_basic, gammafunk_ghost_cemetery, minmay_misc_feat_rugged,
          feat_on_display, uniq_pikel
Temple:   nicolae_temple_superstar

Skill      XL: |  1  2  3  4  5  6  7  8  9 |
---------------+----------------------------+-----
Shields        | 3 4 5 |  5.3
Armour         | 3 4 5 6 |  6.0
Axes           | 3 |  3.0
Polearms       | 3 5 7 9 10 | 10.5
Fighting       | 4 5 |  5.4
Dodging        | 1 |  1.0
Stealth        | |  0.1
Invocations    | |  0.3

Action                   |  1- 3 |  4- 6 |  7- 9 || total
-------------------------+-------+-------+-------++-------
Melee: War axe           |    72 |    33 |       ||   105
       Tailslap          |     8 |    34 |    38 ||    80
       Spear             |       |   228 |   211 ||   439
       Trident           |       |       |    57 ||    57
Invok: Heroism           |       |       |     2 ||     2
 Abil: Rolling Charge    |       |       |     3 ||     3
  Use: Scroll            |       |    12 |     5 ||    17
       Potion            |       |       |     4 ||     4
Armor: Scale mail        |    49 |    45 |       ||    94
       Plate armour      |       |    93 |   175 ||   268
Dodge: Dodged            |    29 |    56 |    38 ||   123
Block: Buckler           |    17 |    32 |       ||    49
       Kite shield       |       |    55 |   106 ||   161
